 Dungeon Crawl Stone Soup version 0.18-a0-1683-gf9322e6 (webtiles) character file.

25425 4thArraOfDagon the Severer (level 13, -4/94 HPs)
             Began as a Hill Orc Enchanter on Apr 3, 2016.
             Was an Elder of the Shining One.
             Slain by an orc warlord
             ... wielding a +0 battleaxe
              (12 damage)
             ... on level 1 of the Orcish Mines.
             The game lasted 01:24:17 (14077 turns).

4thArraOfDagon the Severer (Hill Orc Enchanter)    Turns: 14077, Time: 01:24:18

Health: -4/94      AC: 23    Str: 13    XL:     13   Next: 19%
Magic:  17/18      EV:  5    Int: 16    God:    the Shining One [****..]
Gold:   888        SH:  8    Dex: 13    Spells: 3 memorised, 11 levels left

rFire  . . .     SeeInvis .     s - +10 morningstar of the Revolution {elec, MR+ Dex+2}
rCold  + + .     Gourm    +     c - +1 plate armour {rC+}
rNeg   + + .     Faith    .     (no shield)
rPois  +         Spirit   .     n - +2 helmet
rElec  .         Dismiss  .     (no cloak)
rCorr  .         Reflect  .     k - +0 pair of gloves
SustAt .         Harm     .     (no boots)
MR     ++...                    b - amulet of the gourmand
Stlth  ..........               B - ring of protection from cold
                                j - ring of protection from magic

@: divine shield, glowing, very resistant to hostile enchantments, extremely
unstealthy
A: thin metallic scales 1, dopey 1, frail 2, poison resistance
a: Divine Shield, Cleansing Flame, Renounce Religion


You were on level 1 of the Orcish Mines.
You worshipped the Shining One.
The Shining One was greatly pleased with you.
You were not hungry.

You visited 2 branches of the dungeon, and saw 16 of its levels.
You also visited: Ossuary.

You collected 1434 gold pieces.
You spent 391 gold pieces at shops.

Inventory:

Hand Weapons
 s - the +10 morningstar of the Revolution (weapon) {elec, MR+ Dex+2}
   (You bought it in a shop on level 2 of the Orcish Mines)

   Occasionally, upon striking a foe, it will discharge some electrical energy
   and cause terrible harm.
   It affects your dexterity (+2).
   It affects your resistance to hostile enchantments.
 z - a +1 war axe
 S - a +0 battleaxe
Missiles
 P - a javelin (quivered)
Armour
 c - a +1 plate armour of cold resistance (worn)
 k - a +0 pair of gloves (worn)
 n - a +2 helmet (worn)
 N - a +1 troll leather armour
Magical Staves
 D - an uncursed staff of earth
Jewellery
 b - an amulet of the gourmand (around neck)
 j - a ring of protection from magic (left hand)
 p - an uncursed ring of flight
 q - an uncursed ring of wizardry
 A - a +4 ring of intelligence
 B - a ring of protection from cold (right hand)
 O - a +1 ring of evasion
 R - an uncursed ring of ice
Wands
 a - a wand of acid (0/15)
 m - a wand of lightning (0/15)
 F - a wand of iceblast (0/15)
 G - a wand of flame (8/48)
 H - a wand of flame (25/48)
 M - a wand of digging (0/24)
 Q - a wand of lightning (0/15)
Scrolls
 e - a scroll of immolation
 l - 3 scrolls of remove curse
 y - 2 scrolls of holy word
 C - 2 scrolls of recharging
 E - a scroll of amnesia
 J - a scroll of noise {unknown}
 K - a scroll of enchant weapon
 L - a scroll of magic mapping
Potions
 g - 5 potions of flight
 h - 3 potions of cancellation
 i - 2 potions of magic {unknown}
 r - a potion of cure mutation
 t - 2 potions of invisibility
 w - 2 potions of curing
Miscellaneous
 f - a disc of storms
 u - an ornate deck of changes {drawn: 5}
Comestibles
 d - 4 bread rations
 o - 8 meat rations


   Skills:
 + Level 12.2 Fighting
   Level 1.0 Short Blades
 - Level 17.4 Axes
 * Level 0.0(10.0) Maces & Flails
 - Level 2.4 Throwing
 + Level 11.2 Armour
 - Level 1.5 Dodging
 - Level 2.4 Stealth
 - Level 2.0 Spellcasting
 - Level 3.0 Hexes
   Level 2.0 Ice Magic
 - Level 7.1 Invocations
 - Level 3.0 Evocations


You had 11 spell levels left.
You knew the following spells:

 Your Spells              Type           Power        Failure   Level  Hunger
a - Corona                Hex            ##.....      100%        1    #......
c - Tukima's Dance        Hex            ##......     100%        3    ###....
d - Apportation           Tloc           #.........   100%        1    #......


Dungeon Overview and Level Annotations

Branches:
Dungeon (14/15)            Temple (0/1) D:6             Orc (2/2) D:9
    Elf (0/3) Orc:2        Vaults (0/5) D:13
   Lair: D:8-11

Altars:
Ashenzari
Dithmenos
Elyvilon
Pakellas
Vehumet
Yredelemnul
The Shining One
Beogh

Shops:
D:6 %   D:7 *   D:11 [   Orc:2 %([%

Annotations:
D:2 Jessica
D:8 exclusion: downstairs
D:13 exclusion: upstairs
Orc:2 exclusion: upstairs


Innate Abilities, Weirdness & Mutations

You are partially covered in thin metallic scales (AC +2).
You are dopey. (Int -2)
You are very frail (-20% HP).
Your system is resistant to poisons.


Message History

Throwing (i - inventory. (,) - cycle):
v - 2 tomahawks of dispersal (quivered)
Press: ? - help, Shift-Dir - straight line, f/p - orc warlord
Aim: an orc warlord, wielding a battleaxe and wearing a chain mail (haloed)
You throw a tomahawk of dispersal.
The tomahawk of dispersal hits the orc warlord but does no damage.
The orc warrior hits you but does no damage.
The orc warlord hits you but does no damage.
The orc warrior hits you with a short sword.
* * * LOW HITPOINT WARNING * * *
Unknown command.
Unknown command.
Throwing (i - inventory. (,) - cycle):
v - a tomahawk of dispersal (quivered)
Press: ? - help, Shift-Dir - straight line, f/p - orc warlord
Aim: an orc warlord, wielding a battleaxe and wearing a chain mail (haloed)
You throw a tomahawk of dispersal.
The tomahawk of dispersal hits the orc warlord but does no damage.
The orc warrior hits you but does no damage.
You block the orc warrior's attack.
The orc warlord hits you with a battleaxe!
You die...

#.# ##.###...###
#.# ###...##......
#.# ##.##.#........
#.###...#.#........
#....o........##...
#.####........##...
#..##)#....##.#....
#ooo.##....#####...
##@#####.....###...
### ##.....#....
#.#.........
#.##........ ##
##.[..... #.......#
###....## #....#
#...##


You could see an orc warlord and 2 orc warriors.

Vanquished Creatures
  A hydra (D:12)
  A centaur warrior (D:12)
  2 orc high priests (Orc:2)
  Urug (D:11)
  A skeletal warrior (D:13)
  3 unseen horrors
  2 orc knights (Orc:2)
  A cyclops (D:12)
  A manticore (D:13)
  An ugly thing (D:12)
  2 orc sorcerers
  A griffon (D:9)
  A gargoyle (D:10)
  3 trolls
  Prince Ribbit (D:9)
  A slime creature (D:13)
  A spriggan (D:7)
  A wraith (D:13)
  2 hippogriffs
  12 yaks
  3 hungry ghosts
  2 vampire mosquitoes (D:13)
  3 wargs
  A water moccasin (D:8)
  26 orc warriors
  2 sky beasts (D:11)
  A phantom (D:8)
  A wasp (D:13)
  2 ice beasts
  3 centaurs
  7 ogres
  A crocodile (D:11)
  2 elf zombies (Ossuary)
  12 giant frogs
  4 scorpions
  9 killer bees
  2 howler monkeys
  4 crimson imps
  2 human zombies (Ossuary)
  A quasit (D:10)
  3 hounds
  3 jellies
  2 centaur zombies
  19 orc priests
  10 worker ants
  3 iguanas
  25 orc wizards
  A hound skeleton (D:9)
  2 mummies (Ossuary)
  8 adders
  4 gnolls (D:4)
  4 river rats (D:11)
  A shadow imp (D:8)
  2 oozes
  3 adder zombies
  An adder skeleton (D:6)
  A worm (D:4)
  A dart slug (D:1)
  5 giant geckos
  93 orcs
  7 giant cockroaches
  A gnoll zombie (D:6)
  6 goblins
  4 hobgoblins
  19 jackals
  10 quokkas
  2 ball pythons
  11 bats
  5 giant newts
  A goblin zombie (Ossuary)
  10 hobgoblin zombies (Ossuary)
  A jackal zombie (Ossuary)
  10 kobolds
  8 kobold zombies (Ossuary)
  8 orc zombies (Ossuary)
  A quokka skeleton (D:5)
  20 rats
  A rat zombie (Ossuary)
443 creatures vanquished.

Vanquished Creatures (collateral kills)
  2 vault guards (D:13)
  Fannar (D:13)
  2 centaur warriors (D:13)
  2 death knights
  A tengu warrior (D:13)
  A hill giant (D:12)
  A wolf spider zombie (D:13)
  An ugly thing (D:13)
  2 trolls
  3 yaks (D:13)
  A wraith (D:12)
  A vampire mosquito (D:12)
  A necrophage (D:11)
  An eye of draining (D:13)
  An orc warrior (D:13)
  A giant frog (D:12)
  An orc (D:13)
23 creatures vanquished.

Vanquished Creatures (others)
  A naga mage (D:13)
  2 fungi (D:11)
3 creatures vanquished.

Grand Total: 469 creatures vanquished

Notes
Turn   | Place    | Note
--------------------------------------------------------------
     0 | D:1      | 4thArraOfDagon the Hill Orc Enchanter began the quest for the Orb.
     0 | D:1      | Reached XP level 1. HP: 14/14 MP: 3/3
    60 | D:1      | Reached skill level 1 in Fighting
   124 | D:1      | Reached XP level 2. HP: 24/24 MP: 4/4
   177 | D:1      | Learned a level 2 spell: Ensorcelled Hibernation
   258 | D:1      | Reached skill level 1 in Ice Magic
   345 | D:1      | Reached XP level 3. HP: 14/29 MP: 3/5
   489 | D:2      | Gained mutation: You are agile. (Dex +2) [potion of mutation]
   489 | D:2      | Gained mutation: You are dopey. (Int -2) [potion of mutation]
   489 | D:2      | Gained mutation: You are partially covered in thin metallic scales (AC +2). [potion of mutation]
   619 | D:3      | Found a radiant altar of Vehumet.
   620 | D:3      | Found a white marble altar of Elyvilon.
   722 | D:2      | Noticed Jessica
   909 | D:3      | Reached XP level 4. HP: 24/36 MP: 7/7
   937 | D:3      | Found a glowing golden altar of the Shining One.
   939 | D:3      | Noticed an angel
   944 | D:3      | Found a basalt altar of Yredelemnul.
   946 | D:3      | Noticed a profane servitor
   957 | D:3      | Became a worshipper of the Shining One
  1109 | D:4      | Reached skill level 1 in Evocations
  1199 | D:2      | Found a faded altar to an unknown god.
  1209 | D:2      | Reached skill level 1 in Throwing
  1310 | D:3      | Gained mutation: You are very dopey. (Int -4) [potion of mutation]
  1310 | D:3      | Gained mutation: You regenerate slowly when monsters are visible. [potion of mutation]
  1811 | D:4      | Noticed an ogre
  1821 | D:4      | Reached XP level 5. HP: 41/41 MP: 8/8
  1824 | D:4      | Killed an ogre
  1824 | D:4      | Reached skill level 1 in Armour
  1930 | D:4      | Noticed an ogre
  1938 | D:4      | Killed an ogre
  1938 | D:4      | Reached XP level 6. HP: 34/48 MP: 9/9
  2061 | D:4      | Reached skill level 1 in Axes
  2109 | D:4      | Found a shadowy altar of Dithmenos.
  2213 | D:4      | Reached skill level 2 in Axes
  2218 | D:5      | Entered Level 5 of the Dungeon
  2220 | D:5      | Reached skill level 3 in Axes
  2220 | D:5      | Reached XP level 7. HP: 8/56 MP: 10/10
  2398 | D:4      | https://www.youtube.com/watch?v=XE1zRTQzD4Y
  2544 | D:5      | Reached * piety under the Shining One
  2747 | D:6      | Found Inap's Food Boutique.
  2798 | D:6      | Found a sand-covered staircase.
  2820 | D:6      | Reached skill level 4 in Axes
  2825 | Ossuary  | Entered an ossuary
  2864 | Ossuary  | Reached ** piety under the Shining One
  2931 | Ossuary  | Reached *** piety under the Shining One
  2969 | Ossuary  | Reached skill level 1 in Invocations
  2973 | Ossuary  | Reached skill level 5 in Axes
  2983 | Ossuary  | Reached XP level 8. HP: 30/66 MP: 11/11
  2989 | Ossuary  | Reached **** piety under the Shining One
  3208 | D:6      | Reached skill level 6 in Axes
  3249 | D:6      | Found a staircase to the Ecumenical Temple.
  3252 | D:6      | Gained mutation: You are frail (-10% HP). [potion of mutation]
  3252 | D:6      | Gained mutation: You are very frail (-20% HP). [potion of mutation]
  3252 | D:6      | Gained mutation: Your system is resistant to poisons. [potion of mutation]
  3269 | D:6      | Found a shattered altar of Ashenzari.
  3484 | D:7      | Reached skill level 7 in Axes
  3547 | D:6      | Reached skill level 5 in Fighting
  3838 | D:7      | Noticed a spriggan baker
  3844 | D:7      | Reached skill level 8 in Axes
  3844 | D:7      | Reached skill level 5 in Armour
  3844 | D:7      | Reached XP level 9. HP: 39/59 MP: 12/12
  3891 | D:7      | Found Izxiraubb's Off-Brand Ammunition.
  4032 | D:7      | Learned a level 3 spell: Tukima's Dance
  4155 | D:8      | Found an oddly glowing altar of Pakellas.
  4170 | D:8      | Reached skill level 5 in Invocations
  4343 | D:8      | Reached skill level 9 in Axes
  4475 | D:9      | Found a staircase to the Orcish Mines.
  4485 | D:10     | Entered Level 10 of the Dungeon
  4485 | D:10     | Noticed an unseen horror
  4690 | D:9      | Noticed Prince Ribbit
  4701 | D:10     | Noticed Fannar
  4713 | D:9      | Noticed a hill giant
  4789 | D:9      | Reached skill level 10 in Axes
  5066 | D:9      | Killed Prince Ribbit
  5066 | D:9      | Reached XP level 10. HP: 65/67 MP: 14/14
  5722 | D:11     | Got an encrusted scale mail
  5737 | D:11     | Identified the +2 scale mail "Putoal" {Str+4 Int+7} (You found it on level 11 of the Dungeon)
  5916 | D:11     | Noticed Urug
  6001 | D:11     | Reached skill level 11 in Axes
  6045 | D:12     | Noticed a centaur warrior
  6324 | D:11     | Found Extotoz's Antique Armour Shoppe.
  6382 | D:12     | Noticed a griffon
  6383 | D:12     | Noticed a hill giant
  6631 | D:9      | Killed a griffon
  6631 | D:9      | Reached skill level 12 in Axes
  6787 | D:10     | Killed an unseen horror
  6838 | D:10     | Learned a level 1 spell: Apportation
  6937 | D:10     | Reached ***** piety under the Shining One
  6960 | D:10     | Noticed a gargoyle
  7010 | D:10     | Killed a gargoyle
  7010 | D:10     | Reached XP level 11. HP: 33/76 MP: 16/16
  7409 | D:12     | Noticed a death knight
  7427 | D:13     | Noticed a manticore
  7536 | D:13     | Reached skill level 13 in Axes
  7586 | D:14     | Noticed an unseen horror
  7602 | D:14     | Killed an unseen horror
  7657 | D:14     | Noticed a hill giant
  7705 | D:14     | Noticed an unseen horror
  7705 | D:14     | Noticed an unseen horror
  7789 | D:13     | Noticed an unseen horror
  7796 | D:13     | Noticed a skeletal warrior
  7818 | D:13     | Killed a skeletal warrior
  7825 | D:13     | Killed an unseen horror
  7922 | D:13     | Noticed a death knight
  8119 | D:13     | Killed a manticore
  8269 | D:13     | Reached skill level 14 in Axes
  8404 | D:13     | Noticed a white ugly thing
  8404 | D:13     | Noticed a death knight
  8408 | D:13     | ok...
  8468 | D:12     | Killed a centaur warrior
  8717 | D:11     | FAIL...
  9384 | D:11     | Reached skill level 10 in Fighting
  9607 | D:12     | Noticed a cyclops
  9608 | D:12     | DEAD
  9655 | D:11     | fail...
  9780 | D:11     | Hired Xutsai the naga for 155 gold.
  9918 | D:11     | Killed a death knight
 10035 | D:11     | Killed Urug
 10035 | D:11     | Reached XP level 12. HP: 71/84 MP: 17/17
 10122 | D:12     | Reached skill level 15 in Axes
 10138 | D:12     | Noticed a seven-headed hydra
 10307 | D:12     | Lost mutation: You regenerate slowly when monsters are visible. [potion of cure mutation]
 10307 | D:12     | Lost mutation: You are very dopey. (Int -4) [potion of cure mutation]
 10307 | D:12     | Lost mutation: You are agile. (Dex +2) [potion of cure mutation]
 10429 | D:12     | Killed a seven-headed hydra
 10549 | D:13     | Noticed a centaur warrior
 10551 | D:13     | Noticed a vault guard
 10551 | D:13     | Noticed a centaur warrior
 10568 | D:13     | Killed a centaur warrior
 10568 | D:13     | Reached skill level 10 in Armour
 10570 | D:13     | Killed a centaur warrior
 10579 | D:13     | Killed a vault guard
 10589 | D:13     | Noticed a tengu warrior
 10596 | D:13     | Killed a tengu warrior
 10683 | D:13     | Noticed a death knight
 10694 | D:13     | Killed a death knight
 10787 | D:13     | Killed Fannar
 10787 | D:13     | Reached skill level 16 in Axes
 10826 | D:13     | Found a gate to the Vaults.
 10848 | D:13     | Noticed a vault guard
 10862 | D:13     | Killed a vault guard
 10874 | D:13     | Your ally Xutsai died
 11033 | Orc:1    | Entered Level 1 of the Orcish Mines
 11050 | Orc:2    | Entered Level 2 of the Orcish Mines
 11050 | Orc:2    | Found a staircase to the Elven Halls.
 11520 | Orc:2    | Found a roughly hewn altar of Beogh.
 11522 | Orc:2    | Noticed an orc high priest
 11523 | Orc:2    | Found Najinn's Food Shop.
 11538 | Orc:2    | Killed an orc high priest
 11684 | Orc:1    | Noticed an orc warlord
 11684 | Orc:1    | Noticed an orc high priest
 11684 | Orc:1    | Noticed an ettin
 11840 | Orc:2    | Found a roughly hewn altar of Beogh.
 12027 | Orc:2    | Noticed an ettin
 12277 | Orc:2    | hmmm
 12955 | Orc:2    | Reached XP level 13. HP: 64/93 MP: 18/18
 13159 | Orc:2    | Found a roughly hewn altar of Beogh.
 13169 | Orc:2    | Reached skill level 17 in Axes
 13384 | Orc:2    | Noticed an orc warlord
 13714 | Orc:2    | Found a roughly hewn altar of Beogh.
 13879 | Orc:2    | Found a roughly hewn altar of Beogh.
 13894 | Orc:2    | Found a roughly hewn altar of Beogh.
 13898 | Orc:2    | Found Baphi's Food Emporium.
 13943 | Orc:2    | Found Qoghaet's Antique Armour Shoppe.
 13944 | Orc:2    | Found a roughly hewn altar of Beogh.
 13946 | Orc:2    | Found Deoneg's Antique Weapon Emporium.
 13958 | Orc:2    | Bought a runed helmet for 112 gold pieces
 13976 | Orc:2    | Bought an iridescent morningstar for 279 gold pieces
 13976 | Orc:2    | Identified the +10 morningstar of the Revolution {elec, MR+ Dex+2} (You bought it in a shop on level 2 of the Orcish Mines)
 14077 | Orc:1    | Slain by an orc warlord

Vault maps used:
D:1:      ncdulo_halloftheorcs
D:2:      ecumenical_altar_2, minmay_misc_feat_encased, uniq_jessica
D:3:      grunt_temple_overflow_holy_war, nicolae_overflow_hidden_temple,
          gammafunk_temple_overflow_pools, first_bread
D:4:      st_stairs_10, nicolae_dithmenos_the_darkroom
D:5:      minmay_misc_feat_hallway
D:6:      nicolae_ashenzari_panopticon, minmay_temple_entry_grid,
          enter_ossuary_3, serial_shops,
          nicolae_shop_temple_entry_statues_fountains
D:7:      the_bakery, nicolae_offbrand_ammo
D:8:      grunt_pakellas_mercury
D:9:      orc_0_dummy, uniq_prince_ribbit1
D:10:     minmay_orc_keep, uniq_fannar
D:11:     grunt_lair_entry_orc_guard_hut, serial_shops, shop, stair_cage_open,
          uniq_urug
D:12:     kennysheep_big_flooded_room
D:13:     lightli_vaults_fourway_checkpoint
D:14:     serial_shops, shop
Orc:1:    elf_legates
Orc:2:    grunt_orc_community_town_hall, grunt_orc_community_big_house_2,
          grunt_orc_community_big_house_2, grunt_orc_community_house_3,
          grunt_orc_community_house_1, grunt_orc_community_house_1,
          grunt_orc_community_house_3, grunt_orc_community_house_1,
          grunt_orc_community_house_3
Ossuary:  ossuary_tomb_1

Skill      XL: |  1  2  3  4  5  6  7  8  9 10 11 12 13 |
---------------+----------------------------------------+-----
Fighting       | 2 3 5 6 8 10 11 12 | 12.2
Ice Magic      | 1 2 |  2.0
Spellcasting   | 2 |  2.0
Evocations     | 1 2 3 |  3.0
Throwing       | 1 2 |  2.4
Armour         | 2 3 5 6 8 9 10 11 | 11.2
Axes           | 3 5 8 10 12 14 16 17 | 17.4
Invocations    | 2 4 6 7 |  7.1
Short Blades   | |  1.0
Dodging        | |  1.5
Stealth        | |  2.4
Hexes          | |  3.0

Action                   |  1- 3 |  4- 6 |  7- 9 | 10-12 | 13-15 || total
-------------------------+-------+-------+-------+-------+-------++-------
Melee: Dagger            |   154 |   138 |       |       |       ||   292
       War axe           |       |    27 |   371 |   951 |    35 ||  1384
       Hand axe          |       |    15 |       |       |       ||    15
       Battleaxe         |       |       |       |       |   120 ||   120
       Morningstar       |       |       |       |       |     6 ||     6
 Fire: Blowgun           |    10 |       |       |       |       ||    10
Throw: Throwing net      |       |       |       |     1 |       ||     1
       Tomahawk          |       |       |       |       |     6 ||     6
 Cast: Corona            |    16 |     1 |       |       |       ||    17
       Ensorcelled Hiber |     3 |     1 |       |       |       ||     4
Invok: Divine Shield     |       |       |     1 |    13 |     4 ||    18
       Cleansing Flame   |       |       |       |     6 |       ||     6
Evoke: Wand              |       |    14 |    14 |    34 |       ||    62
       Deck              |       |       |       |     1 |     4 ||     5
  Use: Scroll            |     2 |     8 |     4 |    10 |     1 ||    25
       Potion            |     2 |     1 |     5 |     7 |       ||    15
 Stab: Sleeping          |     3 |     1 |       |       |       ||     4
  Eat: Chunk             |       |     6 |     9 |    30 |       ||    45
       Fruit             |       |       |     7 |     4 |       ||    11
       Beef jerky        |       |       |     2 |       |     2 ||     4
       Pizza             |       |       |     1 |     1 |     1 ||     3
